 Dungeon Crawl Stone Soup version 0.19-a0-1933-g052ff51 (webtiles) character file.

465 Grim the Changer (level 7, -1/43 HPs)
             Began as an Octopode Transmuter on Oct 25, 2016.
             Slain by Pikel
             ... wielding a +0 whip of electrocution
              (18 damage)
             ... on level 4 of the Dungeon.
             The game lasted 00:10:25 (5663 turns).

Grim the Changer (Octopode Transmuter)              Turns: 5663, Time: 00:10:26

Health: -1/43      AC:  2    Str: 10    XL:     7   Next: 8%
Magic:  7/10       EV: 20    Int: 16    God:
Gold:   155        SH:  0    Dex: 18    Spells: 3 memorised, 4 levels left

rFire  . . .     SeeInvis .       - Unarmed
rCold  . . .     Gourm    .     (shield currently unavailable)
rNeg   . . .     Faith    .     (helmet currently unavailable)
rPois  x         Spirit   .     (no amulet)
rElec  .         Reflect  .     (no ring)
rCorr  .         Harm     .     (no ring)
MR     .....                    (no ring)
Stlth  ++........               (no ring)
                                (no ring)
                                (no ring)
                                (no ring)
                                (no ring)

@: spider-form
A: almost no armour, stealthy swim, (amphibious), 8 rings, (constrict 8),
(camouflage 0), (gelatinous body 0)
a: End Transformation


You were on level 4 of the Dungeon.
You were hungry.
You were a venomous arachnid creature.
You visited 1 branch of the dungeon, and saw 4 of its levels.

You collected 155 gold pieces.

Inventory:

Missiles
 a - 21 arrows
Wands
 q - a wand of confusion (21/48)
Scrolls
 d - 2 scrolls of teleportation {unknown}
 h - 2 scrolls of enchant armour
 i - a scroll of fog {unknown}
 j - a scroll of magic mapping
 m - a scroll of fear {unknown}
 n - a scroll of enchant weapon {unknown}
 o - 3 scrolls of remove curse
 v - a scroll of identify
Potions
 e - a potion of lignification {unknown}
 k - a potion of curing
 l - a potion of cancellation
 r - a potion of ambrosia {unknown}
 s - a potion of haste
 t - a potion of agility {unknown}
Books
 b - a book of Changes

   Spells                             Type                      Level
   a - Beastly Appendage              Transmutation                1
   b - Sticks to Snakes               Transmutation                2
   c - Spider Form                    Transmutation/Poison         3
   d - Ice Form                       Ice/Transmutation            4
   e - Blade Hands                    Transmutation                5
Comestibles
 c - 2 bread rations
 f - 4 meat rations
 g - 2 slices of pizza
 p - a beef jerky


   Skills:
 - Level 1.0 Fighting
 - Level 2.0 Dodging
 + Level 5.0 Unarmed Combat
 - Level 2.0 Spellcasting
 * Level 6.1 Transmutations
 * Level 1.0 Poison Magic


You had 4 spell levels left.
You knew the following spells:

 Your Spells              Type           Power        Failure   Level  Hunger
a - Beastly Appendage     Tmut           ###...       6%          1    #......
b - Sticks to Snakes      Tmut           ###.....     10%         2    ###....
c - Spider Form           Tmut/Pois      ##........   32%         3    ###....


Dungeon Overview and Level Annotations

Branches:
Dungeon (4/15)
 Temple: D:4-7

Altars:
Nemelex Xobeh

Annotations:
D:4 Pikel


Innate Abilities, Weirdness & Mutations

You cannot wear most types of armour.
You are very stealthy in the water. (Stealth+)
((You are amphibious.))
You can wear up to eight rings at the same time.
((You can use your tentacles to constrict eight enemies at once.))
((Your skin changes colour to match your surroundings (Stealth+).))
((Your rubbery body absorbs attacks. (AC +1, EV +1)))


Message History

Level annotation: Pikel The slave closely misses you. x2; Pikel misses you.
There is a stone staircase leading up, spattered with blood here.
Casting: Beastly Appendage
Confirm with . or Enter, or press ? or * to list all spells.
You turn into a venomous arachnid creature.
You are feeling hungry.
The slave hits you! The slave closely misses you. Pikel closely misses you.
You hit Pikel but do no damage.
Pikel is poisoned.
The slave misses you. x2
Pikel misses you.
You hit Pikel.
Pikel looks as sick as possible!
Pikel is lightly wounded.
The slave hits you. The slave misses you. Pikel hits you but does no damage.
You hit Pikel but do no damage.
Pikel looks as sick as possible!
Pikel is moderately wounded.
The slave closely misses you. The slave hits you.
Pikel hits you with a whip of electrocution!
* * * LOW HITPOINT WARNING * * *
You are electrocuted!
You die...

K.................##
#..................#
...............[..#
. ......####....p..#
.......### ##.....##
....... ...
##...##### #....<.
#..#^.......# #..
#.#..p)....#
#.##.....sp...#
.....#..K.....#
.###..........#
###.........#
#...........#
....##........# ....
#####.#### ### #.#
#.#


You could see Pikel and 3 slaves.

Vanquished Creatures
  A slave (D:3)
  An ogre (D:4)
  A hound (D:4)
  An orc priest (D:3)
  A bullfrog skeleton (D:4)
  Terence (D:3)
  3 worker ants
  3 gnolls (D:3)
  4 adders
  2 oozes
  4 worms
  A dart slug (D:3)
  8 leopard geckos
  8 orcs (D:3)
  3 ball pythons
  5 giant cockroaches
  2 goblins
  9 hobgoblins
  6 jackals
  A quokka (D:3)
  9 bats
  8 frilled lizards
  A jackal skeleton (D:3)
  6 kobolds
  18 rats
107 creatures vanquished.

Notes
Turn   | Place    | Note
-------+----------+-------------------------------------------
     0 | D:1      | Grim the Octopode Transmuter began the quest for the Orb.
     0 | D:1      | Reached XP level 1. HP: 13/13 MP: 3/3
   243 | D:1      | Reached XP level 2. HP: 18/18 MP: 3/5
   940 | D:1      | Reached XP level 3. HP: 18/23 MP: 6/6
   942 | D:1      | Reached skill level 3 in Transmutations
  1764 | D:2      | Reached XP level 4. HP: 14/28 MP: 7/7
  2434 | D:2      | Learned a level 2 spell: Sticks to Snakes
  2460 | D:2      | Reached skill level 4 in Transmutations
  3209 | D:3      | Noticed Terence
  3256 | D:2      | Learned a level 3 spell: Spider Form
  3315 | D:3      | Killed Terence
  3315 | D:3      | Reached XP level 5. HP: 15/33 MP: 1/8
  3943 | D:3      | Reached skill level 5 in Transmutations
  4132 | D:3      | Found a sparkling altar of Nemelex Xobeh.
  4151 | D:3      | Reached XP level 6. HP: 23/38 MP: 5/9
  5141 | D:4      | Reached skill level 6 in Transmutations
  5292 | D:4      | Reached skill level 5 in Unarmed Combat
  5292 | D:4      | Reached XP level 7. HP: 37/43 MP: 10/10
  5376 | D:4      | Reached skill level 1 in Poison Magic
  5433 | D:4      | Noticed Pikel
  5663 | D:4      | Slain by Pikel

Vault maps used:
D:1:      onia_arrival_larder
D:3:      nemelex_dance_club_becter, uniq_terence
D:4:      grunt_gozag_statues, uniq_pikel, uniq_menkaure, uniq_eustachio

Skill      XL: |  1  2  3  4  5  6  7 |
---------------+----------------------+-----
Transmutations | 3 4 5 6 |  6.1
Unarmed Combat | 4 5 |  5.0
Poison Magic   | 1 |  1.0
Fighting       | |  1.0
Dodging        | |  2.0
Spellcasting   | |  2.0

Action                   |  1- 3 |  4- 6 |  7- 9 || total
-------------------------+-------+-------+-------++-------
Melee: Unarmed           |    76 |   190 |    22 ||   288
       Constrict         |    15 |    34 |     3 ||    52
       Tentacles         |     7 |    16 |     2 ||    25
       Kick              |     6 |    13 |     6 ||    25
       Punch             |     1 |     6 |     1 ||     8
 Cast: Beastly Appendage |     8 |     9 |     2 ||    19
       Spider Form       |       |     5 |     1 ||     6
  Use: Potion            |       |     4 |       ||     4
       Scroll            |       |     6 |       ||     6
 Stab: Sleeping          |     6 |     7 |       ||    13
  Eat: Chunk             |     1 |    14 |     1 ||    16
Armor: Skin              |     9 |    11 |     2 ||    22
Dodge: Dodged            |    41 |   118 |    22 ||   181
